 Dungeon Crawl Stone Soup version 0.21-a0-529-g8c7b3f5 (webtiles) character file.

2864 kae the Grappler (level 9, -12/89 HPs)
             Began as a Troll Monk on Dec 10, 2017.
             Was a Priest of Wu Jian.
             Shot with a bolt by an orc warrior (25 damage)
             ... in a bailey.
             The game lasted 00:06:26 (5344 turns).

kae the Grappler (Troll Monk)                       Turns: 5344, Time: 00:06:27

Health: -12/89     AC:  9    Str: 24    XL:     9   Next: 47%
Magic:  8/8        EV: 13    Int:  6    God:    Wu Jian [***...]
Gold:   420        SH:  0    Dex: 17    Spells: 8/8 levels left

rFire    . . .     SeeInvis .     - Unarmed
rCold    . . .     Gourm    +   (no shield)
rNeg     . . .     Faith    .   a - +0 robe
rPois    .         Spirit   .   (helmet restricted)
rElec    .         Reflect  .   n - +1 cloak
rCorr    .         Harm     .   (gloves unavailable)
MR       .....                  (boots unavailable)
Stlth    ++........             (no amulet)
HPRegen  0.64/turn              s - +2 ring of dexterity
MPRegen  0.11/turn              f - +3 ring of strength

@: no status effects
A: large, unfitting armour, claws 3, hooves 1, iridescent scales 1, fast
metabolism 3, gourmand, regeneration 1, shaggy fur 1, tough skin 2, evolution 1,
MP-powered wands
a: Serpent's Lash, Renounce Religion


You were in a bailey.
You worshipped Wu Jian.
Wu Jian was most pleased with you.
You were full.

You visited 1 branch of the dungeon, and saw 7 of its levels.
You also visited: Sewer and Bailey.

You collected 420 gold pieces.

Inventory:

Armour
 a - a +0 robe (worn)
 n - a +1 cloak (worn)
Jewellery
 e - an uncursed ring of protection from magic
 f - a +3 ring of strength (right claw)
 s - a +2 ring of dexterity (left claw)
Wands
 w - a wand of flame (44)
 B - a wand of iceblast (6)
 C - a wand of polymorph (7)
Scrolls
 d - a scroll of fear
 g - 4 scrolls of identify
 h - 3 scrolls of enchant weapon
 l - 2 scrolls of remove curse
 q - a scroll of enchant armour
 t - 2 scrolls of blinking
 u - a scroll of fog
 y - 3 scrolls of teleportation
Potions
 c - a potion of berserk rage
 i - 4 potions of agility
 k - a potion of magic
 m - 4 potions of haste
 o - 3 potions of flight
 r - 4 potions of heal wounds
 v - 2 potions of might
 x - 2 potions of invisibility
 z - 4 potions of curing
Books
 D - a book of Party Tricks

   Spells                             Type                      Level
   a - Summon Butterflies             Summoning                    1
   b - Apportation                    Translocation                1
   c - Lesser Beckoning               Translocation                3
   d - Tukima's Dance                 Hexes                        3
   e - Alistair's Intoxication        Transmutation/Poison         5
   f - Invisibility                   Hexes                        6
Comestibles
 b - 6 bread rations
 j - 3 meat rations
 p - 7 royal jellies
 E - 3 fruits


   Skills:
 + Level 6.0 Fighting
 + Level 6.0 Dodging
 - Level 1.0 Stealth
 * Level 9.8 Unarmed Combat


You had 8 spell levels left.
You didn't know any spells.

Dungeon Overview and Level Annotations

Branches:
Dungeon (7/15)             Temple (0/1) D:6

Altars:
Ashenzari
Cheibriados
Hepliaklqana
Kikubaaqudgha
Makhleb
Sif Muna
Uskayaw
Wu Jian


Innate Abilities, Weirdness & Mutations

You are too large for most types of armour.
You have claws for hands.
Your metabolism is lightning-fast.
You like to eat raw meat.
Your natural rate of healing is unusually fast.
You are covered in fur. (AC +1)
You have very tough skin. (AC +2)
You have large cloven feet.
You are partially covered in iridescent scales. (AC +2)
You evolve.
You expend magic power (3 MP) to strengthen your wands.


Message History

The orc warrior shouts!
The orc shoots a bolt.
The bolt misses you.
You see here 2 bolts.
The orc warrior shoots a bolt.
The bolt hits you.
The orc shoots a bolt.
The bolt hits you but does no damage.
You see here 3 bolts.
The orc warrior shoots a bolt.
The bolt hits you!
The orc shoots a bolt.
The bolt misses you.
You see here 2 bolts.
The orc warrior shoots a bolt.
The bolt barely misses you.
You see here 2 bolts.
The orc shoots a bolt.
The bolt barely misses you.
The orc warrior shoots a bolt.
The bolt hits you!
The orc warrior shoots a bolt.
The bolt hits you!!
* * * LOW HITPOINT WARNING * * *
You see here 4 bolts.
The orc shoots a bolt.
The bolt hits you but does no damage.
You see here a bolt.
The orc warrior shoots a bolt.
The bolt hits you!!
You die...

#≈...o.(#
o≈.....(#
##≈.....(#
#≈≈.....(#
≈≈≈o....(#
≈≈≈.....(#
≈≈≈.....(#
≈≈≈.....(#
≈≈≈.....@#
≈≈≈......#
≈≈≈......#
≈≈≈≈......#
≈≈≈≈......#
≈≈≈≈≈......#
≈≈≈≈≈......#
≈≈≈≈≈......#
#≈≈≈≈≈≈≈≈≈≈......#


You could see an orc warrior and an orc.

Vanquished Creatures
  A hippogriff (D:6)
  A human (D:7)
  4 hogs (D:7)
  The ghost of p0werm0de the Vexing, an amateur OpAM of Qazlal (D:4)
  A water moccasin (D:7)
  An orc warrior (D:6)
  An ice beast (D:5)
  An ogre (D:5)
  A centaur (D:7)
  2 big kobolds
  3 bullfrogs (D:6)
  A scorpion (D:5)
  2 howler monkeys
  6 crimson imps
  A quasit (D:7)
  6 orc priests
  A bullfrog skeleton (D:6)
  4 orc wizards
  Crazy Yiuf (D:2)
  2 iguanas
  2 worker ants (D:6)
  A killer bee zombie (D:6)
  A hound skeleton (D:5)
  A howler monkey zombie (D:6)
  5 gnolls
  4 adders
  A river rat (Sewer)
  An adder skeleton (D:4)
  3 worms
  3 dart slugs
  A leopard gecko (D:3)
  19 orcs
  A ball python (D:2)
  4 bats
  3 giant cockroaches
  10 goblins
  5 hobgoblins
  7 jackals
  9 kobolds
  3 quokkas
  5 frilled lizards
  A quokka skeleton (D:4)
  A quokka zombie (D:7)
  10 rats
142 creatures vanquished.

Notes
Turn   | Place    | Note
-------+----------+-------------------------------------------
     0 | D:1      | kae the Troll Monk began the quest for the Orb.
     0 | D:1      | Reached XP level 1. HP: 22/22 MP: 0/0
   141 | D:1      | Reached XP level 2. HP: 27/29 MP: 1/1
   631 | D:2      | Found a burning altar of Makhleb.
   651 | D:2      | Found an ancient bone altar of Kikubaaqudgha.
   674 | D:2      | Reached XP level 3. HP: 36/36 MP: 2/2
  1078 | D:2      | Found a runed door.
  1162 | D:2      | Found a hide-covered altar of Uskayaw.
  1163 | D:2      | Noticed a hand axe
  1163 | D:2      | Noticed a hand axe
  1332 | D:2      | Found a shattered altar of Ashenzari.
  1639 | D:2      | Noticed Crazy Yiuf
  1647 | D:2      | Killed Crazy Yiuf
  1647 | D:2      | Reached skill level 4 in Unarmed Combat
  1647 | D:2      | Reached XP level 4. HP: 32/45 MP: 3/3
  2239 | D:4      | Noticed p0werm0de's ghost (amateur OpAM)
  2251 | D:4      | Killed p0werm0de's ghost
  2251 | D:4      | Reached skill level 5 in Unarmed Combat
  2251 | D:4      | Reached XP level 5. HP: 42/53 MP: 4/4
  2320 | D:4      | Reached XP level 6. HP: 61/61 MP: 5/5
  2385 | D:4      | Found a hazy altar of Hepliaklqana.
  2701 | D:5      | Entered Level 5 of the Dungeon
  2744 | D:5      | Found a glowing drain.
  2764 | Sewer    | Entered a sewer
  2867 | Sewer    | Found a white marble altar of Elyvilon.
  3020 | D:5      | Reached skill level 6 in Unarmed Combat
  3020 | D:5      | Reached XP level 7. HP: 60/70 MP: 6/6
  3336 | D:5      | Reached skill level 7 in Unarmed Combat
  3341 | D:5      | Found an ornate altar of the Wu Jian Council.
  3353 | D:5      | Became a worshipper of the Wu Jian Council
  3353 | D:5      | Reached * piety under Wu Jian
  3353 | D:5      | Reached ** piety under Wu Jian
  3574 | D:6      | Found a staircase to the Ecumenical Temple.
  3590 | D:6      | Reached XP level 8. HP: 75/79 MP: 7/7
  3958 | D:6      | Noticed a hippogriff
  3966 | D:6      | Killed a hippogriff
  3966 | D:6      | Reached skill level 5 in Fighting
  3966 | D:6      | Reached skill level 5 in Dodging
  3966 | D:6      | Reached skill level 8 in Unarmed Combat
  4074 | D:6      | Found a deep blue altar of Sif Muna.
  4688 | D:7      | Reached XP level 9. HP: 86/88 MP: 8/8
  4691 | D:7      | Reached skill level 9 in Unarmed Combat
  4816 | D:7      | Found a snail-covered altar of Cheibriados.
  5034 | D:7      | Found a flagged portal.
  5037 | D:7      | Reached *** piety under Wu Jian
  5049 | Bailey   | Entered a bailey
  5169 | Bailey   | Gained mutation: You expend magic power (3 MP) to strengthen your wands. [potion of mutation]
  5169 | Bailey   | Gained mutation: You have large cloven feet. [potion of mutation]
  5169 | Bailey   | Gained mutation: You evolve. [potion of mutation]
  5288 | Bailey   | Gained mutation: You are partially covered in iridescent scales. (AC +2) [evolution]
  5344 | Bailey   | Shot with a bolt by an orc warrior

Vault maps used:
D:1:      dpeg_arrival_shrine
D:2:      kiku_gazebo_pond_becter, dancing_weapons_uskayaw,
          overflow_temple_1_default, nicolae_ashenzari_panopticon,
          uniq_crazy_yiuf_cottage
D:4:      kennysheep_little_box, first_bread, grunt_decor_cap,
          minmay_misc_feat_plants
D:5:      old_standard_altar, cheibrodos_sewer_entry_bend
D:6:      kennysheep_mini, minmay_temple_entry_water_ring
D:7:      cheibrodos_worm_habitat, enter_bailey_3, grunt_livestock,
          nemelex_dance_club_becter
Sewer:    sewer_kobolds
Bailey:   bailey_polearm_2, bailey

Skill      XL: |  1  2  3  4  5  6  7  8  9 |
---------------+----------------------------+-----
Fighting       | 3 4 5 6 |  6.0
Unarmed Combat | 4 5 6 7 8 9 |  9.8
Dodging        | 3 4 5 6 |  6.0
Stealth        | |  1.0

Action                   |  1- 3 |  4- 6 |  7- 9 || total
-------------------------+-------+-------+-------++-------
Melee: Unarmed           |    81 |   104 |   253 ||   438
       Punch             |       |     4 |    10 ||    14
Evoke: Wand              |       |     4 |       ||     4
  Use: Potion            |     2 |       |     2 ||     4
       Scroll            |       |    15 |     2 ||    17
 Stab: Sleeping          |     7 |     5 |     4 ||    16
  Eat: Chunk             |    16 |    17 |    19 ||    52
Armor: Robe              |    21 |    31 |    79 ||   131
Dodge: Dodged            |    48 |    36 |   158 ||   242

Table legend:
 A = Spawn XP
 B = Non-spawn XP
 C = Spawn XP percentage of total XP
 D = Spawn monster count
 E = Non-spawn monster count
 F = Spawn count percentage of total count
 G = Total turns spent on level
                    A         B        C        D         E        F      G
               +---------+---------+-------+---------+---------+-------+---------
         Total |       0 |    4092 |   0.0 |       0 |     142 |   0.0 |  5344
               +---------+---------+-------+---------+---------+-------+---------
           D:1 |       0 |      39 |   0.0 |       0 |      14 |   0.0 |   742
           D:2 |       0 |      80 |   0.0 |       0 |      15 |   0.0 |   964
           D:3 |       0 |      38 |   0.0 |       0 |      18 |   0.0 |   527
           D:4 |       0 |     375 |   0.0 |       0 |      12 |   0.0 |   468
           D:5 |       0 |     664 |   0.0 |       0 |      19 |   0.0 |   595
           D:6 |       0 |    1092 |   0.0 |       0 |      24 |   0.0 |   972
           D:7 |       0 |    1683 |   0.0 |       0 |      31 |   0.0 |   633
         Sewer |       0 |     121 |   0.0 |       0 |       9 |   0.0 |   148
               +---------+---------+-------+---------+---------+-------+---------
